AoeStats
← paulgabduggan

MegaRandom

504335503Analyzed
1v1 RM · 27d ago on Sep 4, 2026· 22m 20s· 2 players
Game mode
Random Map
Map size
Tiny (2 player)
Population
200
Speed
Normal
Resources
Standard
Victory
Conquest
Starting age
Dark Age
Ending age
Imperial Age
RankedLock teamsTeams togetherTeam positionsShared explorationLock speedFull tech treeHidden civsTurbo modeCheats
Victory
Defeat
🇨🇦 Britons · Canada
1534
+16
🇺🇸 Mongols · United States
1525
-16
paulgabduggan
7:12 Loom
9:43 Feudal Age
10:43 Double-Bit Axe
16:15 Bloodlines
18:50 Castle Age
17:24 Gold Mining
17:28 Fletching
19:00 Bloodlines
19:27 Bodkin Arrow
Mazezen
9:42 Feudal Age
11:54 Loom
17:50 Castle Age
15:46 Fletching
18:00 Crossbowman
19:38 Bodkin Arrow
Connection lost

Rejoining the realm…

Still unreachable

The connection could not be restored.

Session expired

The server has moved on; the page needs a fresh start.